Map: Golden Wall LE

Players

Nice

  • Race: Protoss Protoss
  • Spawn Location: 5:00

AfreecaDRG (DRG) - Winner!

  • Race: Zerg Zerg
  • League: Master
  • Spawn Location: 7:00

Event: DreamHack SC2 Masters 2020 Fall

VOD

Have the link to the VOD?

Description

Time

  • Played on: Sept. 16, 2020, 12:18 p.m.
  • Length: 5:27

All games in this series

Show
View Real Time Build Order
Export as new Build Order

Nice Protoss 

Build Orders: 1 Gate Expand 

Get SALT Encoding   

  12  0:00  Probe  
  13  0:12  Probe  
  14  0:21  Pylon  
  14  0:24  Probe  
  15  0:34  Assimilator  
  15  0:39  Probe  
  16  0:43  Gateway  
  16  0:51  Probe (Chrono Boost)  
  17  1:02  Probe (Chrono Boost)  
  18  1:07  Probe (Chrono Boost)  
  19  1:17  Probe  
  20  1:25  Nexus  
  20  1:35  Cybernetics Core  
  20  1:41  Assimilator  
  20  1:43  Probe  
  21  1:51  Pylon  
  23  2:07  Pylon  
  23  2:14  Zealot (Chrono Boost)  
  19  2:33  Probe  
  15  2:45  Probe  
Show
View Real Time Build Order
Export as new Build Order

AfreecaDRG Zerg - Winner!

Build Orders: Pool First 

Get SALT Encoding   

  12  0:17  Spawning Pool  
  11  0:22  Drone  
  11  0:26  Drone  
  13  0:31  Drone  
  14  0:40  Overlord  
  14  1:04  Zergling x4  
  16  1:05  Zergling x2  
  17  1:16  Zergling x2  
  18  1:20  Hatchery  
  17  1:26  Zergling x2  
  18  1:37  Zergling x2  
  18  1:39  Queen  
  21  1:49  Zergling x2  
  22  1:58  Overlord  
  21  2:16  Queen  
  21  2:22  Drone  
  24  2:24  Drone  
  24  2:32  Drone  
  24  2:33  Queen  
  24  2:34  Drone  

Tags
 
Add a new tag
Caveats
  • Supply blocks, unpowered buildings, or Contaminate may cause inaccurate times.
  • Supply counts are checked every 10 seconds.